 Dungeon Crawl Stone Soup version 0.18-a0-1788-g92de1ac (webtiles) character file.

186 SkaryMonk the Firebug (level 5, -5/31 HPs)
             Began as an Octopode Fire Elementalist on Apr 20, 2016.
             Shot with a stone by a goblin (8 damage)
             ... led by Robin
             ... on level 4 of the Dungeon.
             The game lasted 00:37:54 (3335 turns).

SkaryMonk the Firebug (Octopode Fire Elementalist)  Turns: 3335, Time: 00:37:55

Health: -5/31      AC:  1    Str:  7    XL:     5   Next: 66%
Magic:  8/8        EV: 12    Int: 18    God:
Gold:   164        SH:  4    Dex: 13    Spells: 3 memorised, 2 levels left

rFire  + . .     SeeInvis .     p - +0 quarterstaff
rCold  x . .     Gourm    .     (shield currently unavailable)
rNeg   . . .     Faith    .     (helmet restricted)
rPois  .         Spirit   .     n - +4 amulet of reflection
rElec  .         Dismiss  .     j - ring of fire
rCorr  .         Reflect  +     (no ring)
SustAt .         Harm     .     (no ring)
MR     .....                    (no ring)
Stlth  +++.......               (no ring)
                                (no ring)
                                (no ring)
                                (no ring)

@: not resistant to hostile enchantments, fairly stealthy
A: almost no armour, amphibious, 8 rings, constrict 8, camouflage 1, gelatinous
body 1
a: no special abilities


You were on level 4 of the Dungeon.
You were not hungry.

You visited 1 branch of the dungeon, and saw 4 of its levels.
You also visited: Sewer.

You collected 164 gold pieces.

Notes
Turn   | Place    | Note
--------------------------------------------------------------
     0 | D:1      | SkaryMonk the Octopode Fire Elementalist began the quest for the Orb.
     0 | D:1      | Reached XP level 1. HP: 11/11 MP: 3/3
   334 | D:1      | Reached XP level 2. HP: 17/17 MP: 0/5
   715 | D:1      | Reached skill level 4 in Fire Magic
   869 | D:2      | Learned a level 2 spell: Throw Flame
   877 | D:2      | Reached XP level 3. HP: 21/21 MP: 4/6
  1201 | D:2      | Found a shimmering altar of Xom.
  1592 | D:3      | Reached XP level 4. HP: 27/27 MP: 4/7
  1933 | D:3      | Reached skill level 5 in Fire Magic
  1962 | D:2      | Learned a level 3 spell: Conjure Flame
  2488 | D:3      | Reached XP level 5. HP: 31/31 MP: 1/8
  2930 | D:4      | Reached skill level 6 in Fire Magic
  2961 | D:4      | Noticed Robin
  3012 | D:4      | Found a glowing drain.
  3035 | Sewer    | Entered a sewer
  3148 | Sewer    | Noticed a crocodile
  3335 | D:4      | Shot with a stone by a goblin

Inventory:

Hand Weapons
 p - a +0 quarterstaff (weapon)
Jewellery
 i - a +6 ring of intelligence {unknown}
 j - a ring of fire (left tentacle)
 n - a +4 amulet of reflection (around mantle)
Scrolls
 f - a scroll of remove curse
 q - 2 scrolls of recharging
Potions
 c - a potion of cancellation
 d - a potion of resistance {unknown}
 g - a potion of invisibility {unknown}
 h - a potion of mutation {unknown}
 m - 2 potions of curing
 r - a potion of berserk rage {unknown}
Books
 a - a book of Flames

   Spells                             Type                      Level
   a - Flame Tongue                   Conjuration/Fire             1
   b - Throw Flame                    Conjuration/Fire             2
   c - Conjure Flame                  Conjuration/Fire             3
   d - Inner Flame                    Hexes/Fire                   3
   e - Sticky Flame                   Conjuration/Fire             4
   f - Fireball                       Conjuration/Fire             5
Comestibles
 b - 3 bread rations
 l - 2 meat rations

Table legend:
 A = Turns spent in this place as a percentage of turns spent in the entire game.
 B = Non-inter-level travel turns spent in this place as a percentage of non-inter-level travel turns spent in the entire game.
 C = Inter-level travel turns spent in this place as a percentage of turns spent in this place.
 D = Turns resting spent in this place as a percentage of non-inter-level travel turns spent in this place.
 E = Turns spent auto-exploring this place as a percentage of non-inter-level travel turns spent in this place.
 F = Non-inter-level travel turns spent in this place divided by the number of levels of this place that you've seen.
                   A       B       C       D       E      F
               +-------+-------+-------+-------+-------+----------------------
         Total | 100.0 | 100.0 |   0.5 |   2.8 |  11.2 | 218.0
       Dungeon |  84.2 |  84.1 |   0.5 |   2.7 |  13.1 | 229.2
         Sewer |  15.8 |  15.9 |   0.0 |   2.9 |   1.2 | 173.0
               +-------+-------+-------+-------+-------+----------------------


   Skills:
 - Level 2.0 Dodging
 - Level 2.6 Stealth
 - Level 2.0 Spellcasting
 - Level 1.0 Conjurations
 + Level 6.1 Fire Magic


You had 2 spell levels left.
You knew the following spells:

 Your Spells              Type           Power        Failure   Level  Hunger
a - Flame Tongue          Conj/Fire      ###..        4%          1    #......
b - Throw Flame           Conj/Fire      ###...       8%          2    ###....
c - Conjure Flame         Conj/Fire      ###.....     14%         3    ###....


Dungeon Overview and Level Annotations

Branches:
Dungeon (4/15)
 Temple: D:4-7

Altars:
Xom

Annotations:
D:4 Robin


Innate Abilities, Weirdness & Mutations

You cannot wear most types of armour.
You are amphibious.
You can wear up to eight rings at the same time.
You can use your tentacles to constrict eight enemies at once.
Your skin changes colour to match your surroundings (Stealth).
Your rubbery body absorbs attacks (AC +1).


Message History

The crocodile misses you. The crocodile bites you.
* * * LOW HITPOINT WARNING * * *
A giant gecko comes into view.
A goblin comes into view. It is wielding a club.
You see here a meat ration.
The hobgoblin closely misses you. The hobgoblin closely misses you.
The goblin hits you but does no damage. The goblin hits you with a dagger.
* * * LOW HITPOINT WARNING * * *
Search for what [? for help]? teleport Can't find anything matching that.
Robin shouts!
Robin throws the goblin at you!
* * * LOW HITPOINT WARNING * * *
Robin roars a battlecry!
The goblins go into a battle-frenzy!
The goblin unwields an uncursed dagger.
The goblin wields a hunting sling.
The goblin shoots a stone.
The stone hits you!
You die...

####.#.############.###.#
#......###..............###
#%##.......g.g.......##...>[
#.##..####..#####g#..##.####
........<...#####g#..#...##
......#####...............#
####g$# #.####t....#...####
..... ...####.###).....g.gg
##..###.......@# #)#######..
#..# #.###..#.# #.# .
g.........<..#
##........#.#.#
............# #........ ..#
#...........# ...........#
......$.#


You could see a crocodile, a hobgoblin and a goblin.

Table legend:
 A = Kills in this place as a percentage of kills in entire the game.
 B = Kills by you in this place as a percentage of kills by you in the entire game.
 C = Kills by friends in this place as a percentage of kills by friends in the entire game.
 D = Other kills in this place as a percentage of other kills in the entire game.
 E = Experience gained in this place as a percentage of experience gained in the entire game.
 F = Experience gained in this place divided by the number of levels of this place that you have seen.
                   A       B       C       D       E      F
               +-------+-------+-------+-------+-------+----------------------
         Total | 100.0 | 100.0 |  -nan |  -nan | 100.0 |  53.4
       Dungeon |  94.4 |  94.4 |  -nan |  -nan |  97.4 |  65.0
         Sewer |   5.6 |   5.6 |  -nan |  -nan |   2.6 |   7.0
               +-------+-------+-------+-------+-------+----------------------

Vanquished Creatures
  A worker ant (D:4)
  2 adders
  4 gnolls (D:3)
  A worm (D:3)
  3 dart slugs
  2 giant geckos (D:4)
  3 orcs (D:3)
  15 bats
  8 giant cockroaches
  20 goblins
  5 hobgoblins
  5 jackals
  7 kobolds
  A quokka (D:3)
  A ball python (D:2)
  5 giant newts
  7 rats
90 creatures vanquished.

Action                   |  1- 3 |  4- 6 || total
-------------------------+-------+-------++-------
Melee: Unarmed           |    15 |       ||    15
       Constrict         |     5 |     9 ||    14
       Tentacles         |     2 |     3 ||     5
       Quarterstaff      |       |    35 ||    35
 Cast: Flame Tongue      |    54 |    63 ||   117
       Throw Flame       |     4 |    14 ||    18
       Conjure Flame     |       |     5 ||     5
  Use: Scroll            |       |    10 ||    10
       Potion            |       |     1 ||     1
  Eat: Chunk             |     3 |     8 ||    11
Armor: Skin              |     1 |     9 ||    10
Dodge: Dodged            |    18 |    35 ||    53
Block: Other             |       |    10 ||    10

Vault maps used:
D:1:      minmay_arrival_four_houses, kennysheep_small_spiral,
          hangedman_decor_riveting
D:2:      xom_teletrap_fun, grunt_decor_mini_mirrors
D:3:      minmay_misc_feat_room, serial_bayou_pond_c
D:4:      serial_shops, nicolae_shop_stone, gup_sewer_entry_pipe, first_bread,
          grunt_ministairs_10, uniq_robin
Sewer:    sewer_big_baddie
